2021 views
Uploaded 2022-10-05 01:24:35
Game version 1.33
17:43 long 3on3 ladder game on (6)GnollWood
Saved by GIGA
2021 views
Uploaded 2022-10-05 01:24:35
Game version 1.33
17:43 long 3on3 ladder game on (6)GnollWood


65 units @ 5.9k
/ 0.8k
104 buildings @ 7.5k
/ 3.5k


| Healing Salve | 1 | 100 |
| total: | 1 | 100g |
| Peasant | 16 | 1200 | / | 0 |
| Mortar Team | 3 | 540 | / | 210 |
| Flying Machine | 19 | 1900 | / | 570 |
| total: | 38 | 3640g | / | 780w |
| Scout Tower | 20 | 600 | / | 400 |
| Arcane Tower | 1 | 70 | / | 50 |
| Guard Tower | 10 | 700 | / | 500 |
| Altar of Kings | 1 | 180 | / | 50 |
| Lumber Mill | 1 | 120 | / | 0 |
| Farm | 10 | 800 | / | 200 |
| Town Hall | 1 | 385 | / | 205 |
| Blacksmith | 1 | 140 | / | 60 |
| Workshop | 3 | 420 | / | 420 |
| Keep | 1 | 320 | / | 210 |
| Castle | 1 | 360 | / | 210 |
| total: | 37 | 2645g | / | 1335w |
| 0:02 | Peasant |
| 0:03 | Peasant |
| 0:10 | Peasant |
| 0:18 | Altar of Kings |
| 0:21 | Lumber Mill |
| 0:22 | Peasant |
| 0:27 | Peasant |
| 0:33 | Farm |
| 0:48 | Peasant |
| 0:55 | Farm |
| 1:04 | Peasant |
| 1:09 | Farm |
| 1:25 | Improved Lumber Harvesting |
| 1:26 | Peasant |
| 1:35 | Scout Tower |
| 1:38 | Peasant |
| 1:47 | Peasant |
| 2:02 | Arcane Tower |
| 2:24 | Peasant |
| 2:28 | Storm Bolt |
| 3:10 | Town Hall |
| 3:14 | Scout Tower |
| 3:15 | Scout Tower |
| 3:15 | Scout Tower |
| 3:16 | Scout Tower |
| 3:16 | Scout Tower |
| 3:23 | Peasant |
| 3:23 | Peasant |
| 3:23 | Peasant |
| 3:28 | Scout Tower |
| 3:44 | Storm Bolt |
| 3:51 | Guard Tower |
| 3:53 | Scout Tower |
| 3:54 | Scout Tower |
| 4:02 | Scout Tower |
| 4:04 | Scout Tower |
| 4:06 | Scout Tower |
| 4:15 | Guard Tower |
| 4:16 | Peasant |
| 4:27 | Guard Tower |
| 4:35 | Guard Tower |
| 4:39 | Scout Tower |
| 4:42 | Scout Tower |
| 4:52 | Scout Tower |
| 4:54 | Scout Tower |
| 4:56 | Peasant |
| 5:21 | Guard Tower |
| 5:38 | Keep |
| 5:46 | Guard Tower |
| 5:52 | Improved Masonry |
| 6:20 | Bash |
| 6:21 | Bash |
| 6:30 | Scout Tower |
| 6:31 | Scout Tower |
| 6:49 | Blacksmith |
| 6:54 | Healing Salve |
| 7:11 | Guard Tower |
| 8:01 | Castle |
| 8:06 | Advanced Lumber Harvesting |
| 8:06 | Advanced Masonry |
| 8:13 | Black Gunpowder |
| 8:34 | Workshop |
| 9:06 | Holy Light |
| 9:51 | Mortar Team |
| 9:56 | Guard Tower |
| 10:12 | Refined Gunpowder |
| 10:37 | Flak Cannons |
| 10:59 | Workshop |
| 11:05 | Farm |
| 11:07 | Farm |
| 11:12 | Flying Machine Bombs |
| 11:12 | Fragmentation Shards |
| 11:12 | Flare |
| 11:46 | Mortar Team |
| 11:48 | Farm |
| 11:50 | Farm |
| 11:56 | Workshop |
| 12:00 | Scout Tower |
| 12:01 | Scout Tower |
| 12:12 | Imbued Masonry |
| 12:21 | Farm |
| 12:23 | Farm |
| 12:28 | Guard Tower |
| 12:39 | Farm |
| 12:45 | Flying Machine |
| 12:45 | Flying Machine |
| 12:45 | Flying Machine |
| 13:01 | Flying Machine |
| 13:01 | Flying Machine |
| 13:02 | Flying Machine |
| 13:08 | Guard Tower |
| 13:33 | Mortar Team |
| 14:09 | Flying Machine |
| 14:09 | Flying Machine |
| 14:09 | Flying Machine |
| 14:09 | Flying Machine |
| 14:09 | Flying Machine |
| 14:09 | Flying Machine |
| 14:10 | Flying Machine |
| 15:20 | Flying Machine |
| 15:21 | Flying Machine |
| 15:21 | Flying Machine |
| 15:34 | Flying Machine |
| 15:35 | Flying Machine |
| 15:38 | Imbued Gunpowder |
| 16:04 | Flying Machine |
| Right click | 555 |
| Select | 224 |
| Select group | 130 |
| Misc. action | 86 |
| Build/train/purchase | 76 |
| Resource trade | 28 |
| Use ability | 13 |
| Assign group | 10 |
| Esc | 5 |
| Minimap ping | 5 |
| Item give/drop | 1 |

| Peasant | 14 | 1050 | / | 0 |
| Dragonhawk Rider | 2 | 400 | / | 60 |
| total: | 16 | 1450g | / | 60w |
| Scout Tower | 41 | 1230 | / | 820 |
| Arcane Tower | 8 | 560 | / | 400 |
| Guard Tower | 21 | 1470 | / | 1050 |
| Altar of Kings | 2 | 360 | / | 100 |
| Farm | 8 | 640 | / | 160 |
| Lumber Mill | 2 | 240 | / | 0 |
| Arcane Vault | 1 | 130 | / | 30 |
| Gryphon Aviary | 2 | 280 | / | 300 |
| Keep | 1 | 320 | / | 210 |
| Castle | 1 | 360 | / | 210 |
| total: | 56 | 2880g | / | 1410w |
| 0:04 | Peasant |
| 0:05 | Peasant |
| 0:05 | Peasant |
| 0:10 | Altar of Kings |
| 0:14 | Farm |
| 0:14 | Farm |
| 0:26 | Peasant |
| 0:44 | Scout Tower |
| 0:47 | Peasant |
| 0:54 | Lumber Mill |
| 1:01 | Peasant |
| 1:06 | Farm |
| 1:15 | Peasant |
| 1:27 | Peasant |
| 1:44 | Arcane Tower |
| 1:52 | Peasant |
| 1:52 | Peasant |
| 1:58 | Improved Lumber Harvesting |
| 2:00 | Peasant |
| 2:24 | Peasant |
| 2:24 | Peasant |
| 2:35 | Scout Tower |
| 2:37 | Scout Tower |
| 2:37 | Scout Tower |
| 2:39 | Scout Tower |
| 2:40 | Scout Tower |
| 2:40 | Scout Tower |
| 2:41 | Scout Tower |
| 2:42 | Scout Tower |
| 2:49 | Peasant |
| 2:50 | Improved Masonry |
| 3:16 | Guard Tower |
| 3:17 | Guard Tower |
| 3:20 | Arcane Tower |
| 3:35 | Keep |
| 3:43 | Guard Tower |
| 3:50 | Guard Tower |
| 3:51 | Guard Tower |
| 3:54 | Scout Tower |
| 4:04 | Scout Tower |
| 4:05 | Scout Tower |
| 4:07 | Scout Tower |
| 4:07 | Scout Tower |
| 4:08 | Scout Tower |
| 4:20 | Arcane Tower |
| 4:22 | Guard Tower |
| 4:46 | Scout Tower |
| 4:47 | Scout Tower |
| 4:48 | Scout Tower |
| 4:49 | Scout Tower |
| 4:50 | Scout Tower |
| 4:50 | Scout Tower |
| 4:51 | Scout Tower |
| 4:52 | Scout Tower |
| 4:52 | Scout Tower |
| 4:58 | Scout Tower |
| 5:00 | Guard Tower |
| 5:09 | Arcane Tower |
| 5:10 | Guard Tower |
| 5:11 | Guard Tower |
| 5:13 | Guard Tower |
| 5:17 | Scout Tower |
| 5:18 | Scout Tower |
| 5:31 | Scout Tower |
| 5:33 | Guard Tower |
| 5:43 | Arcane Tower |
| 5:45 | Guard Tower |
| 5:52 | Arcane Tower |
| 5:54 | Guard Tower |
| 5:57 | Guard Tower |
| 6:05 | Gryphon Aviary |
| 6:11 | Gryphon Aviary |
| 6:14 | Scout Tower |
| 6:16 | Scout Tower |
| 6:16 | Scout Tower |
| 6:18 | Scout Tower |
| 6:19 | Scout Tower |
| 6:19 | Scout Tower |
| 6:20 | Scout Tower |
| 6:21 | Scout Tower |
| 6:24 | Guard Tower |
| 6:31 | Guard Tower |
| 6:37 | Arcane Vault |
| 6:49 | Lumber Mill |
| 6:54 | Guard Tower |
| 7:03 | Advanced Masonry |
| 7:04 | Castle |
| 7:43 | Guard Tower |
| 7:47 | Scout Tower |
| 7:48 | Scout Tower |
| 7:50 | Arcane Tower |
| 7:56 | Arcane Tower |
| 8:35 | Holy Light |
| 8:42 | Guard Tower |
| 8:43 | Guard Tower |
| 8:50 | Scout Tower |
| 8:53 | Scout Tower |
| 8:53 | Scout Tower |
| 9:25 | Cloud |
| 9:48 | Imbued Masonry |
| 11:18 | Farm |
| 11:19 | Farm |
| 11:26 | Farm |
| 11:37 | Guard Tower |
| 11:47 | Farm |
| 12:29 | Farm |
| 12:51 | Dragonhawk Rider |
| 13:27 | Dragonhawk Rider |
| 15:15 | Altar of Kings |
| Right click | 637 |
| Select group | 296 |
| Select | 258 |
| Build/train/purchase | 62 |
| Assign group | 19 |
| Resource trade | 14 |
| Misc. action | 8 |
| Use ability | 7 |
| Esc | 2 |
Cabeelibob
(194)
(17:34) : 
| Lesser Clarity Potion | 1 | 70 |
| Scroll of Town Portal | 1 | 350 |
| Boots of Speed | 1 | 250 |
| Staff of Teleportation | 1 | 150 |
| Scroll of Regeneration | 1 | 100 |
| total: | 5 | 920g |
| Peon | 11 | 825 | / | 0 |
| total: | 11 | 825g | / | 0w |
| Watch Tower | 2 | 220 | / | 160 |
| Altar of Storms | 2 | 360 | / | 100 |
| Orc Burrow | 2 | 320 | / | 80 |
| War Mill | 2 | 410 | / | 0 |
| Voodoo Lounge | 1 | 130 | / | 30 |
| Great Hall | 1 | 385 | / | 185 |
| Spirit Lodge | 1 | 150 | / | 150 |
| Stronghold | 1 | 315 | / | 190 |
| total: | 11 | 1975g | / | 705w |
| 0:03 | Altar of Storms |
| 0:06 | Orc Burrow |
| 0:06 | Peon |
| 0:22 | Peon |
| 0:38 | Peon |
| 0:38 | Peon |
| 1:00 | War Mill |
| 1:04 | Peon |
| 1:16 | Orc Burrow |
| 1:28 | Voodoo Lounge |
| 1:43 | Peon |
| 1:55 | Peon |
| 2:08 | Wind Walk |
| 2:45 | Peon |
| 2:45 | Peon |
| 3:53 | Boots of Speed |
| 3:54 | Staff of Teleportation |
| 3:59 | Stronghold |
| 4:17 | Critical Strike |
| 4:28 | Watch Tower |
| 5:51 | Watch Tower |
| 6:31 | Peon |
| 6:31 | Peon |
| 6:53 | Lesser Clarity Potion |
| 7:35 | Spirit Lodge |
| 8:02 | Scroll of Town Portal |
| 8:29 | War Mill |
| 11:20 | Scroll of Regeneration |
| 11:32 | Great Hall |
| 16:08 | Wind Walk |
| 16:32 | Altar of Storms |
| Right click | 688 |
| Select | 76 |
| Select group | 61 |
| Build/train/purchase | 52 |
| Chat | 51 |
| Misc. action | 46 |
| Resource trade | 41 |
| Use ability | 4 |
| Assign group | 1 |
| Item give/drop | 1 |
117 units @ 14.7k
/ 2.4k
53 buildings @ 9.2k
/ 3.9k

| Wisp | 22 | 1320 | / | 0 |
| Archer | 8 | 1040 | / | 80 |
| Dryad | 6 | 870 | / | 360 |
| Mountain Giant | 2 | 700 | / | 200 |
| Chimaera | 1 | 330 | / | 70 |
| total: | 39 | 4260g | / | 710w |
| Ancient Protector | 2 | 270 | / | 160 |
| Altar of Elders | 1 | 180 | / | 50 |
| Moon Well | 8 | 1440 | / | 320 |
| Ancient of War | 1 | 150 | / | 60 |
| Hunter's Hall | 1 | 210 | / | 100 |
| Tree of Life | 2 | 680 | / | 370 |
| Ancient of Wonders | 1 | 90 | / | 30 |
| Ancient of Lore | 2 | 310 | / | 290 |
| Chimaera Roost | 2 | 280 | / | 380 |
| Tree of Ages | 2 | 640 | / | 360 |
| Tree of Eternity | 1 | 330 | / | 200 |
| total: | 20 | 3610g | / | 1760w |
| 0:04 | Wisp |
| 0:06 | Altar of Elders |
| 0:11 | Moon Well |
| 0:18 | Wisp |
| 0:24 | Ancient of War |
| 0:33 | Wisp |
| 0:49 | Wisp |
| 1:03 | Wisp |
| 1:20 | Moon Well |
| 1:22 | Wisp |
| 1:31 | Archer |
| 1:37 | Wisp |
| 1:48 | Wisp |
| 2:06 | Wisp |
| 2:12 | Thorns Aura |
| 2:34 | Tree of Ages |
| 2:40 | Tree of Ages |
| 2:46 | Archer |
| 2:57 | Archer |
| 3:18 | Archer |
| 3:25 | Moon Well |
| 3:44 | Archer |
| 4:04 | Entangling Roots |
| 4:09 | Archer |
| 4:16 | Hunter's Hall |
| 4:36 | Archer |
| 4:42 | Moon Well |
| 5:07 | Wisp |
| 5:07 | Wisp |
| 5:08 | Wisp |
| 5:23 | Ancient of Lore |
| 5:29 | Ancient of Lore |
| 6:08 | Archer |
| 6:14 | Strength of the Moon |
| 6:15 | Strength of the Wild |
| 6:28 | Tree of Life |
| 6:42 | Entangling Roots |
| 6:49 | Abolish Magic |
| 6:51 | Dryad |
| 6:55 | Ancient of Wonders |
| 7:25 | Dryad |
| 7:29 | Dryad |
| 7:32 | Reinforced Hides |
| 8:23 | Dryad |
| 8:32 | Moon Well |
| 9:00 | Wisp |
| 9:00 | Wisp |
| 9:00 | Wisp |
| 9:00 | Wisp |
| 9:04 | Mountain Giant |
| 9:24 | Ancient Protector |
| 9:35 | Wisp |
| 9:35 | Wisp |
| 9:58 | Dryad |
| 10:11 | Moon Well |
| 10:32 | Wisp |
| 10:33 | Wisp |
| 10:57 | Dryad |
| 11:07 | Moon Well |
| 11:12 | Wisp |
| 11:13 | Wisp |
| 11:19 | Improved Strength of the Wild |
| 11:41 | Tree of Eternity |
| 12:03 | Moon Well |
| 12:34 | Mountain Giant |
| 12:41 | Improved Reinforced Hides |
| 13:03 | Ancient Protector |
| 14:04 | Chimaera Roost |
| 14:05 | Advanced Strength of the Wild |
| 14:42 | Chimaera Roost |
| 15:01 | Thorns Aura |
| 15:40 | Corrosive Breath |
| 16:16 | Chimaera |
| 16:56 | Tree of Life |
| Right click | 289 |
| Select group | 167 |
| Select | 146 |
| Build/train/purchase | 62 |
| Assign group | 15 |
| Use ability | 14 |
| Misc. action | 9 |
| Esc | 6 |
| Minimap ping | 3 |


| Potion of Healing | 1 | 150 |
| Potion of Mana | 1 | 200 |
| Scroll of Town Portal | 1 | 350 |
| Dust of Appearance | 1 | 75 |
| total: | 4 | 775g |
| Acolyte | 8 | 600 | / | 0 |
| Ghoul | 12 | 1440 | / | 0 |
| Crypt Fiend | 5 | 1075 | / | 200 |
| Meat Wagon | 4 | 920 | / | 200 |
| Forest Troll Shadow Priest | 1 | 195 | / | 10 |
| total: | 30 | 4230g | / | 410w |
| Nerubian Tower | 2 | 200 | / | 40 |
| Crypt | 1 | 200 | / | 50 |
| Altar of Darkness | 1 | 180 | / | 50 |
| Ziggurat | 8 | 1200 | / | 400 |
| Tomb of Relics | 1 | 130 | / | 30 |
| Graveyard | 2 | 430 | / | 0 |
| Slaughterhouse | 2 | 280 | / | 270 |
| Halls of the Dead | 1 | 320 | / | 210 |
| Black Citadel | 1 | 325 | / | 230 |
| total: | 15 | 2420g | / | 800w |
| 0:03 | Acolyte |
| 0:03 | Acolyte |
| 0:11 | Crypt |
| 0:16 | Altar of Darkness |
| 0:32 | Ziggurat |
| 0:53 | Ziggurat |
| 1:13 | Ghoul |
| 1:33 | Tomb of Relics |
| 1:40 | Ghoul |
| 1:57 | Ghoul |
| 2:26 | Sleep |
| 2:31 | Ghoul |
| 2:46 | Ghoul |
| 2:48 | Ziggurat |
| 2:54 | Ghoul |
| 3:03 | Cannibalize |
| 3:56 | Ghoul |
| 4:14 | Nerubian Tower |
| 4:17 | Graveyard |
| 4:19 | Graveyard |
| 4:21 | Halls of the Dead |
| 4:24 | Nerubian Tower |
| 4:32 | Ghoul |
| 4:49 | Ghoul |
| 5:19 | Forest Troll Shadow Priest |
| 5:42 | Carrion Swarm |
| 5:47 | Crypt Fiend |
| 6:19 | Crypt Fiend |
| 6:52 | Ziggurat |
| 6:53 | Ziggurat |
| 6:55 | Black Citadel |
| 8:12 | Carrion Swarm |
| 8:31 | Ghoul |
| 8:59 | Potion of Healing |
| 8:59 | Potion of Mana |
| 8:59 | Scroll of Town Portal |
| 9:01 | Death Coil |
| 9:06 | Slaughterhouse |
| 9:52 | Slaughterhouse |
| 10:12 | Ghoul Frenzy |
| 10:41 | Ghoul |
| 10:41 | Ghoul |
| 10:46 | Ziggurat |
| 10:48 | Ziggurat |
| 10:49 | Ziggurat |
| 11:11 | Meat Wagon |
| 11:24 | Acolyte |
| 11:45 | Crypt Fiend |
| 11:47 | Web |
| 11:56 | Acolyte |
| 11:56 | Acolyte |
| 12:47 | Meat Wagon |
| 12:56 | Crypt Fiend |
| 14:19 | Dust of Appearance |
| 14:22 | Crypt Fiend |
| 14:38 | Disease Cloud |
| 15:07 | Acolyte |
| 15:09 | Acolyte |
| 16:09 | Meat Wagon |
| 16:12 | Acolyte |
| 16:35 | Meat Wagon |
| Right click | 497 |
| Select group | 336 |
| Select | 154 |
| Build/train/purchase | 63 |
| Misc. action | 30 |
| Chat | 26 |
| Assign group | 20 |
| Use ability | 20 |
| Minimap ping | 10 |
| Resource trade | 4 |
| Esc | 1 |


| Dust of Appearance | 1 | 75 |
| total: | 1 | 75g |
| Wisp | 27 | 1620 | / | 0 |
| Archer | 4 | 520 | / | 40 |
| Mountain Giant | 4 | 1400 | / | 400 |
| Glaive Thrower | 7 | 1470 | / | 455 |
| Faerie Dragon | 2 | 310 | / | 50 |
| Druid of the Claw | 3 | 765 | / | 240 |
| Dryad | 1 | 145 | / | 60 |
| total: | 48 | 6230g | / | 1245w |
| Ancient Protector | 1 | 135 | / | 80 |
| Altar of Elders | 1 | 180 | / | 50 |
| Moon Well | 8 | 1440 | / | 320 |
| Ancient of War | 2 | 300 | / | 120 |
| Hunter's Hall | 1 | 210 | / | 100 |
| Tree of Life | 1 | 340 | / | 185 |
| Ancient of Wonders | 1 | 90 | / | 30 |
| Ancient of Lore | 2 | 310 | / | 290 |
| Ancient of Wind | 1 | 150 | / | 140 |
| Tree of Ages | 1 | 320 | / | 180 |
| Tree of Eternity | 1 | 330 | / | 200 |
| total: | 18 | 3155g | / | 1315w |
| 0:05 | Wisp |
| 0:06 | Wisp |
| 0:07 | Wisp |
| 0:37 | Wisp |
| 0:43 | Wisp |
| 0:50 | Altar of Elders |
| 0:51 | Wisp |
| 0:56 | Wisp |
| 1:03 | Moon Well |
| 1:03 | Wisp |
| 1:19 | Ancient of War |
| 1:23 | Wisp |
| 1:40 | Ancient of War |
| 1:47 | Wisp |
| 1:58 | Moon Well |
| 2:02 | Wisp |
| 2:11 | Wisp |
| 2:20 | Archer |
| 2:32 | Hunter's Hall |
| 2:54 | Archer |
| 2:55 | Wisp |
| 3:02 | Force of Nature |
| 3:06 | Wisp |
| 3:36 | Tree of Ages |
| 3:58 | Tree of Life |
| 4:13 | Entangling Roots |
| 4:16 | Ancient Protector |
| 4:23 | Archer |
| 4:34 | Ultravision |
| 4:46 | Archer |
| 5:01 | Ancient of Wonders |
| 5:06 | Moon Well |
| 6:00 | Wisp |
| 6:00 | Wisp |
| 6:02 | Wisp |
| 6:02 | Wisp |
| 6:05 | Ancient of Lore |
| 6:15 | Ancient of Lore |
| 6:16 | Wisp |
| 6:35 | Wisp |
| 6:41 | Entangling Roots |
| 6:50 | Wisp |
| 6:52 | Wisp |
| 6:55 | Tree of Eternity |
| 7:18 | Wisp |
| 7:18 | Wisp |
| 7:21 | Mountain Giant |
| 7:27 | Druid of the Claw Adept Training |
| 7:45 | Wisp |
| 7:48 | Ancient of Wind |
| 7:50 | Moon Well |
| 8:02 | Mountain Giant |
| 8:17 | Moon Well |
| 8:21 | Reinforced Hides |
| 8:25 | Wisp |
| 8:26 | Wisp |
| 8:45 | Glaive Thrower |
| 8:57 | Abolish Magic |
| 9:32 | Druid of the Claw Master Training |
| 9:35 | Moon Well |
| 9:40 | Glaive Thrower |
| 9:42 | Faerie Dragon |
| 10:00 | Druid of the Claw |
| 10:21 | Druid of the Claw |
| 11:06 | Glaive Thrower |
| 11:09 | Druid of the Claw |
| 11:10 | Mountain Giant |
| 11:11 | Hardened Skin |
| 11:14 | Moon Well |
| 11:22 | Faerie Dragon |
| 11:33 | Strength of the Wild |
| 11:54 | Dryad |
| 12:18 | Vorpal Blades |
| 12:20 | Moon Well |
| 12:22 | Mark of the Claw |
| 12:25 | Strength of the Moon |
| 13:14 | Resistant Skin |
| 13:44 | Mountain Giant |
| 14:21 | Glaive Thrower |
| 14:46 | Glaive Thrower |
| 15:06 | Glaive Thrower |
| 15:10 | Trueshot Aura |
| 15:31 | Glaive Thrower |
| 15:36 | Dust of Appearance |
| Right click | 798 |
| Select | 510 |
| Select group | 417 |
| Build/train/purchase | 94 |
| Misc. action | 69 |
| Assign group | 22 |
| Use ability | 16 |
| Minimap ping | 5 |
| Esc | 3 |
⇛